 Dungeon Crawl Stone Soup version 0.23-a0-384-g3a68796 (webtiles) character file.

147 Cryolive the Digger (level 5, 23/30 HPs)
             Began as a Gargoyle Earth Elementalist on Oct 27, 2018.
             Quit the game on level 3 of the Dungeon.
             The game lasted 00:07:42 (2638 turns).

Cryolive the Digger (Gargoyle Earth Elementalist)   Turns: 2638, Time: 00:07:43

Health: 23/30      AC:  4    Str: 11    XL:     5   Next: 29%
Magic:  8/8        EV: 12    Int: 17    God:
Gold:   98         SH:  0    Dex: 10    Spells: 0/9 levels left

rFire    . . .     SeeInvis .   f - +0 whip
rCold    . . .     Gourm    .   (no shield)
rNeg     + . .     Faith    .   c - +0 robe
rPois    ∞         Spirit   .   (no helmet)
rElec    +         Reflect  .   (no cloak)
rCorr    +         Harm     .   (no gloves)
MR       .....                  (no boots)
Stlth    ++........             l - amulet of the acrobat
HPRegen  0.10/turn              k - ring of resist corrosion
MPRegen  0.11/turn              q - -2 ring of protection (curse)

@: no status effects
A: negative energy resistance 1, electricity resistance, unbreathing,
petrification resistance, rot immunity, AC +4
a: no special abilities


You were on level 3 of the Dungeon.
You were not hungry.

You visited 1 branch of the dungeon, and saw 3 of its levels.

You collected 98 gold pieces.

Inventory:

Hand Weapons
 f - a +0 whip (weapon)
Missiles
 b - 122 stones (quivered)
Armour
 c - a +0 robe (worn)
Jewellery
 k - a ring of resist corrosion (left hand)
 l - an amulet of the acrobat (around neck)
 q - a cursed -2 ring of protection (right hand)
Wands
 n - a wand of flame (37)
Scrolls
 a - 4 scrolls of fog {unknown}
 g - a scroll of blinking {unknown}
 j - a scroll of magic mapping {unknown}
 p - 2 scrolls of noise {unknown}
 r - a scroll of teleportation {unknown}
Potions
 e - a potion of curing {unknown}
 h - a potion of degeneration {unknown}
 i - 2 potions of lignification {unknown}
 m - a potion of might {unknown}
 o - a potion of cancellation {unknown}
 s - a potion of flight {unknown}
Comestibles
 d - 7 rations
 t - 5 chunks of flesh


   Skills:
 + Level 1.9 Fighting
 - Level 0.2 Maces & Flails
 + Level 2.1 Armour
 + Level 2.2 Dodging
 - Level 3.0 Stealth
 + Level 2.6 Spellcasting
 + Level 0.0 Conjurations
   Level 0.7 Transmutations
 + Level 4.4 Earth Magic
 + Level 0.0 Evocations


You couldn't memorise any spells.
You knew the following spells:

 Your Spells              Type           Power        Failure   Level  Hunger
a - Sandblast             Erth           ###...       3%          1    #......
b - Stone Arrow           Conj/Erth      #.....       22%         3    ###....
c - Lee's Rapid Deconstr  Erth           ###.......   63%         5    ######.

Your spell library contained the following spells:

 Spells                   Type           Power        Failure   Level  Hunger
 Passwall                 Tmut/Erth      ##......     10%         2    ##.....
 Petrify                  Tmut/Erth      ##......     54%         4    #####..


Dungeon Overview and Level Annotations

Branches:
Dungeon (3/15)

Altars:


Innate Abilities, Weirdness & Mutations

You are resistant to torment.
Your stone body is resilient. (AC +4)
You are immune to poison.
You resist negative energy. (rN+)
You are resistant to electric shocks. (rElec)
You can survive without breathing.
You are immune to petrification.
You are immune to rotting.


Message History

An adder comes into view.
The adder hisses angrily.
You barely miss the adder. The adder closely misses you.
You hit the adder.
The adder is heavily wounded.
The adder misses you. The adder bites you but does no damage.
You hit the adder.
You kill the adder!
Your Stealth skill increases to level 3!
Things that are here:
an adder corpse; an adder skeleton You butcher the adder corpse.
t - 5 chunks of flesh (gained 2)
Things that are here:
an adder skeleton x2
This spell is very dangerous to cast!
Memorise Lee's Rapid Deconstruction, consuming 5 spell levels and leaving 0?
You start memorising the spell.
You continue memorising. x5
You finish memorising.
Spell assigned to 'c'.
Are you sure you want to abandon this character and quit the game? (Confirm

##.# #.# #..#
#.# #.## #.#
#.# #.# #.#
#.##
######.######
#.##
#...........#
#.÷.
#.####.####.#
#..# #.@....#
#..# #..#####
#..# #..#
#... #..#
##.# #..# #.#
#..# .#####.#
#..#
#........
#...
.######.#
#.### #....


There were no monsters in sight!

Vanquished Creatures
  Natasha (thrice) (D:2)
  3 adders
  An ooze (D:2)
  A dart slug (D:2)
  4 bats
  3 giant cockroaches
  4 goblins
  3 hobgoblins (D:1)
  7 jackals (D:1)
  3 kobolds
  2 quokkas (D:2)
  A ball python (D:1)
  A frilled lizard (D:3)
  3 rats
39 creatures vanquished.

Notes
Turn   | Place    | Note
-------+----------+-------------------------------------------
     0 | D:1      | Cryolive the Gargoyle Earth Elementalist began the quest
                  | for the Orb.
     0 | D:1      | Reached XP level 1. HP: 10/10 MP: 3/3
   388 | D:1      | Reached skill level 1 in Armour
   449 | D:1      | Reached XP level 2. HP: 2/15 MP: 3/5
  1074 | D:1      | Reached skill level 1 in Fighting
  1446 | D:2      | Reached XP level 3. HP: 15/20 MP: 6/6
  1451 | D:2      | Learned a level 3 spell: Stone Arrow
  1688 | D:2      | Noticed Natasha
  1692 | D:2      | Killed Natasha
  1692 | D:2      | Reached skill level 4 in Earth Magic
  1897 | D:2      | Found a faded altar of an unknown god.
  1917 | D:2      | Reached XP level 4. HP: 10/25 MP: 7/7
  2083 | D:2      | Noticed Natasha
  2088 | D:2      | Killed Natasha
  2228 | D:2      | Noticed Natasha
  2233 | D:2      | Killed Natasha
  2233 | D:2      | Reached XP level 5. HP: 30/30 MP: 0/8
  2638 | D:3      | Learned a level 5 spell: Lee's Rapid Deconstruction
  2638 | D:3      | Quit the game

Vault maps used:
D:1:      mrwooster_arrival_statue_3, minmay_hedge_maze
D:2:      chequers_ecumenical_altar_simple, uniq_natasha
D:3:      nicolae_qazlal_eye_of_the_storm, first_ration

Skill      XL: |  1  2  3  4  5 |
---------------+----------------+-----
Armour         | 1 2 |  2.1
Fighting       | 1 |  1.9
Earth Magic    | 4 |  4.4
Dodging        | 2 |  2.2
Stealth        | 3 |  3.0
Maces & Flails | |  0.2
Spellcasting   | |  2.6
Transmutations | |  0.7

Action                   |  1- 3 |  4- 6 || total
-------------------------+-------+-------++-------
Melee: Unarmed           |    27 |       ||    27
       Whip              |   120 |    50 ||   170
 Cast: Sandblast         |     7 |     1 ||     8
       Stone Arrow       |     2 |     4 ||     6
 Stab: Sleeping          |     3 |       ||     3
  Eat: Chunk             |     4 |     3 ||     7
Armor: Robe              |    49 |    15 ||    64
Dodge: Dodged            |   109 |    45 ||   154

Table legend:
 A = Non-vault XP
 B = Vault XP
 C = Vault XP percentage of total XP
 D = Non-vault monster count
 E = Vault monster count
 F = Vault count percentage of total count
                 A         B        C        D         E       F
            +---------+---------+-------+---------+---------+-------
      Total |     176 |      35 |  16.6 |      38 |       1 |   2.6
            +---------+---------+-------+---------+---------+-------
        D:1 |      32 |       0 |   0.0 |      17 |       0 |   0.0
        D:2 |     110 |      35 |  24.1 |      14 |       1 |   6.7
        D:3 |      34 |       0 |   0.0 |       7 |       0 |   0.0
            +---------+---------+-------+---------+---------+-------
